 Dungeon Crawl Stone Soup version 0.25.0-1-g7eea58d2a3 (webtiles) character file.

Game seed: 9812083600454279560

46245 Dirian the Fencer (level 14, -2/133 HPs)
             Began as a Minotaur Fighter on June 13, 2020.
             Was the Champion of Okawaru.
             Slain by a tyrant leech (25 damage)
             ... on level 4 of the Lair of Beasts.
             The game lasted 00:47:43 (24297 turns).

Dirian the Fencer (Minotaur Fighter)               Turns: 24297, Time: 00:47:43

Health: -2/133     AC: 20    Str: 23    XL:     14   Next: 4%
Magic:  19/19      EV:  6    Int: 11    God:    Okawaru [******]
Gold:   913        SH: 13    Dex: 10    Spells: 13/13 levels left

rFire    + . .     SeeInvis .   E - +4 double sword (vorpal)
rCold    + . .     Gourm    .   c - +1 kite shield
rNeg     . . .     Faith    .   g - +4 plate armour {rC+}
rPois    +         Spirit   .   (helmet restricted)
rElec    .         Reflect  .   (no cloak)
rCorr    .         Harm     .   m - +0 pair of gloves
MR       +++..                  (no boots)
Stlth    ..........             H - amulet of regeneration
HPRegen  0.72/turn              o - ring of poison resistance
MPRegen  0.16/turn              y - ring of Hayf {rF+ MR++ Str-3 Int+6}

@: no status effects
A: retaliatory headbutt, horns 2
a: Heroism, Finesse, Renounce Religion


You were on level 4 of the Lair of Beasts.
You worshipped Okawaru.
Okawaru was exalted by your worship.
You were not hungry.

You visited 4 branches of the dungeon, and saw 18 of its levels.
You also visited: Ossuary.

You collected 1963 gold pieces.
You spent 1050 gold pieces at shops.

Inventory:

Hand Weapons
 i - a +0 dagger of flaming
 r - a +0 scimitar
 E - a +4 vorpal double sword (weapon)
Armour
 b - +0 acid dragon scales
 c - a +1 kite shield (worn)
 g - a +4 plate armour of cold resistance (worn)
 m - a +0 pair of gloves (worn)
 u - the -5 pair of boots "Ubryujuo" {rN+ Int+2}
   (Okawaru gifted it to you on level 10 of the Dungeon)

   It affects your intelligence (+2).
   It protects you from negative energy.
 D - a +2 plate armour of magic resistance
Jewellery
 o - a ring of poison resistance (left hand)
 y - the ring of Hayf (right hand) {rF+ MR++ Str-3 Int+6}
   (You found it on level 1 of the Orcish Mines)

   [ring of protection from fire]

   It affects your strength (-3).
   It affects your intelligence (+6).
   It protects you from fire.
   It affects your resistance to hostile enchantments.
 C - an uncursed ring of positive energy
 F - an uncursed amulet of faith {unknown}
 H - an amulet of regeneration (around neck)
 I - a +6 ring of intelligence {unknown}
Wands
 v - a wand of digging (9)
 B - a wand of iceblast (4)
Scrolls
 f - a scroll of immolation
 t - 8 scrolls of teleportation
 x - 3 scrolls of remove curse
 z - 3 scrolls of blinking
 K - 3 scrolls of enchant armour
Potions
 d - 2 potions of might
 h - 4 potions of haste
 j - 3 potions of mutation
 k - 5 potions of flight
 l - 2 potions of brilliance
 n - 2 potions of resistance
 p - 3 potions of magic
 q - 14 potions of curing
 s - 2 potions of lignification
 w - 4 potions of heal wounds
 A - 2 potions of invisibility
 G - 3 potions of berserk rage
Comestibles
 a - 9 chunks of flesh
 e - 33 rations


   Skills:
 + Level 14.8 Fighting
 + Level 16.4 Long Blades
 + Level 11.3 Armour
 + Level 11.2 Shields
 * Level 9.2 Invocations


You had 13 spell levels left.
You didn't know any spells.
Your spell library contained the following spells:

 Spells                   Type           Power        Failure   Level  Hunger
 Beastly Appendage        Tmut           #.....       100%        1    ##.....
 Freeze                   Ice            #...         100%        1    ##.....
 Magic Dart               Conj           #...         100%        1    ##.....
 Sandblast                Erth           #.....       100%        1    ##.....
 Blink                    Tloc           N/A          100%        2    ###....
 Call Imp                 Summ           #.......     100%        2    ###....
 Corpse Rot               Necr/Air       N/A          100%        2    ###....
 Passwall                 Tmut/Erth      #.......     100%        2    ###....
 Slow                     Hex            #.......     100%        2    ###....
 Sticks to Snakes         Tmut           #.......     100%        2    ###....
 Sublimation of Blood     Necr           #.........   100%        2    ###....
 Conjure Flame            Conj/Fire      #.......     100%        3    ####...
 Frozen Ramparts          Ice            #.....       100%        3    ####...
 Gell's Gravitas          Tloc           #.........   100%        3    ####...
 Mephitic Cloud           Conj/Pois/Air  #.......     100%        3    ####...
 Ozocubu's Armour         Chrm/Ice       #.......     100%        3    ####...
 Portal Projectile        Hex/Tloc       #.....       100%        3    ####...
 Spider Form              Tmut/Pois      #.........   100%        3    ####...
 Teleport Other           Tloc           #.......     100%        3    ####...
 Dispel Undead            Necr           #.......     100%        4    #####..
 Hailstorm                Conj/Ice       #.......     100%        4    #####..
 Ice Form                 Ice/Tmut       #.......     100%        4    #####..
 Petrify                  Tmut/Erth      #.......     100%        4    #####..
 Summon Ice Beast         Ice/Summ       #.......     100%        4    #####..
 Agony                    Necr           #.......     100%        5    ######.
 Blade Hands              Tmut           #.........   100%        5    ######.
 Excruciating Wounds      Chrm/Necr      #.........   100%        5    ######.
 Lee's Rapid Deconstruct  Erth           #.........   100%        5    ######.
 Dispersal                Tloc           #.........   100%        6    #######


Dungeon Overview and Level Annotations

Branches:
Dungeon (12/15)            Temple (1/1) D:4            Lair (4/6) D:11
    Orc (1/2) D:10        Ossuary (visited)
  Swamp: Lair:2-4    Shoals: Lair:2-4     Snake: Lair:2-4    Spider: Lair:2-4

Altars:
Ashenzari
Cheibriados
Dithmenos
Elyvilon
Fedhas
Gozag
Hepliaklqana
Kikubaaqudgha
Makhleb
Nemelex Xobeh
Okawaru
Qazlal
Ru
Sif Muna
Trog
Uskayaw
Vehumet
Wu Jian
Xom
Yredelemnul
Zin
The Shining One

Shops:
D:7 %   D:9 =(!!


Innate Abilities, Weirdness & Mutations

You reflexively headbutt those who attack you in melee.
You have a pair of horns on your head.


Message History

You are too injured to fight recklessly!
You are too injured to fight recklessly!
You are too injured to fight recklessly!
You are too injured to fight recklessly!
You are too injured to fight recklessly!
You are too injured to fight recklessly!
You are too injured to fight recklessly!
You are too injured to fight recklessly!
You are too injured to fight recklessly!
You are too injured to fight recklessly!
You are too injured to fight recklessly!
You are too injured to fight recklessly!
The swamp worm bites you!
* * * LOW HITPOINT WARNING * * *
The swamp worm fires a harpoon shot at you.
The harpoon shot hits you!
* * * LOW HITPOINT WARNING * * *
You are yanked forward by the harpoon shot.
The tyrant leech bites you!!
You die...

.............≈≈# ≈##
...........P≈≈≈# ≈≈≈
.......>>....≈≈## ≈≈# ≈≈
.÷.......(...≈≈≈# ≈|#≈≈≈
.÷.........#.≈≈≈##≈##≈≈.
............##.≈≈P≈P≈≈..
.#.##..........≈≈≈≈≈≈≈..
.#......###.##≈#w≈≈≈≈...
..♣...P.# #####w@w.....#
(...###.# ##P.##...##
..##.##..# #...# ...#
..####..........†# .##
#.# #..P.......# # #.###
#.......#...
#.(.###..###......
..........##....?..
#..####....#..#...#


You could see a tyrant leech and 2 swamp worms.

Vanquished Creatures
  3 orc warlords (D:10)
  An ogre mage (D:10)
  The ghost of xzight the Cleaver, a journeyman MiBe of Trog (D:11)
  3 hydras
  A centaur warrior (D:12)
  A dancing weapon (D:11)
  4 two-headed ogres
  Urug (D:10)
  The ghost of Asparus the Magician, a novice GrIE of Vehumet (D:10)
  A skeletal warrior (D:8)
  An unseen horror (D:10)
  The ghost of MrVivor the Grappler, a novice TrMo of Wu Jian (D:6)
  Pikel (D:5)
  3 orc knights
  An ugly thing (D:10)
  2 orc sorcerers
  A wolf spider (D:10)
  A cyclops (D:10)
  A manticore (D:10)
  2 oklob plants (Lair:3)
  A black mamba (Lair:3)
  A gargoyle (D:11)
  A spiny frog (Lair:2)
  Maggie (D:6)
  A kobold demonologist (D:12)
  A rime drake (Lair:4)
  4 komodo dragons
  2 hornets
  2 dream sheep (D:8)
  4 blink frogs (Lair:4)
  6 hippogriffs
  2 hungry ghosts (D:10)
  A wyvern (Lair:3)
  A wraith (D:10)
  41 yaks
  A swamp worm (Lair:4)
  7 wargs
  Menkaure (D:5)
  A soldier ant (D:10)
  8 water moccasins
  9 porcupines
  30 orc warriors
  A hornet zombie (D:10)
  A black bear (D:11)
  2 ice beasts
  4 phantoms
  A slave (D:4)
  5 necrophages
  4 sky beasts
  15 ogres
  11 wolves (Lair:2)
  14 crocodiles
  2 centaurs (D:10)
  6 big kobolds
  14 bullfrogs
  2 wyvern zombies
  A wyvern skeleton (D:11)
  8 scorpions
  8 killer bees
  An electric eel (D:12)
  3 howler monkeys (D:12)
  5 crimson imps
  3 bullfrog zombies
  5 centaur zombies
  A quasit (D:4)
  2 bullfrog skeletons
  A jelly (D:9)
  4 human zombies (D:9)
  A centaur skeleton (D:9)
  14 orc priests
  A hound (D:6)
  14 orc wizards
  4 iguanas
  10 worker ants
  2 ogre zombies (D:9)
  A spectral hound (D:6)
  A hound zombie (D:8)
  3 hound skeletons
  11 mummies
  A killer bee simulacrum (D:6)
  4 worker ant zombies
  13 gnolls
  9 adders
  A howler monkey skeleton (D:4)
  2 shadow imps
  An ooze (D:3)
  An adder skeleton (D:4)
  2 worms
  3 dart slugs
  3 leopard geckos
  63 orcs
  9 giant cockroaches
  A gnoll zombie (Ossuary)
  18 hobgoblins
  8 jackals
  18 kobolds
  11 quokkas
  2 ball pythons
  5 bats
  6 frilled lizards
  11 goblins
  2 hobgoblin zombies (Ossuary)
  3 kobold zombies (Ossuary)
  2 leopard gecko skeletons (D:6)
  2 orc zombies (Ossuary)
  A quokka zombie (D:6)
  10 rats
  2 plants
557 creatures vanquished.

Vanquished Creatures (others)
  4 fungi (D:11)
  13 plants
17 creatures vanquished.

Grand Total: 574 creatures vanquished

Notes
Turn   | Place    | Note
-------+----------+-------------------------------------------
     0 | D:1      | Dirian the Minotaur Fighter began the quest for the Orb.
     0 | D:1      | Reached XP level 1. HP: 19/19 MP: 0/0
   269 | D:1      | Reached XP level 2. HP: 27/27 MP: 1/1
   371 | D:1      | Reached skill level 3 in Long Blades
   679 | D:1      | Reached XP level 3. HP: 32/33 MP: 2/2
  1440 | D:2      | Reached XP level 4. HP: 35/40 MP: 3/3
  1442 | D:2      | Reached skill level 4 in Long Blades
  2069 | D:3      | Reached XP level 5. HP: 46/46 MP: 4/4
  2326 | D:3      | Reached skill level 5 in Long Blades
  2971 | D:3      | Found a shadowy altar of Dithmenos.
  2971 | D:3      | Found a hazy altar of Hepliaklqana.
  2974 | D:3      | Noticed a shadow
  3454 | D:4      | Reached XP level 6. HP: 37/53 MP: 5/5
  3460 | D:4      | Reached skill level 6 in Long Blades
  3881 | D:4      | Found a staircase to the Ecumenical Temple.
  3907 | D:4      | Reached skill level 5 in Armour
  4013 | Temple   | Entered the Ecumenical Temple
  4684 | D:5      | Entered Level 5 of the Dungeon
  4755 | D:5      | Reached skill level 7 in Long Blades
  4755 | D:5      | Reached XP level 7. HP: 60/60 MP: 6/6
  4839 | D:5      | Reached skill level 5 in Shields
  5397 | D:5      | Noticed Pikel
  5429 | D:5      | Killed Pikel
  5429 | D:5      | Reached skill level 5 in Fighting
  5429 | D:5      | Reached skill level 8 in Long Blades
  5429 | D:5      | Reached XP level 8. HP: 56/68 MP: 7/7
  5547 | D:5      | Found a sparkling altar of Nemelex Xobeh.
  5547 | D:5      | Noticed Menkaure
  5554 | D:5      | Killed Menkaure
  5554 | D:5      | Reached skill level 9 in Long Blades
  5732 | D:5      | Found a stormy altar of Qazlal.
  5735 | D:5      | Found a glowing golden altar of the Shining One.
  5738 | D:5      | Found a blossoming altar of Fedhas.
  5880 | D:6      | Found a runed translucent gate.
  5881 | D:6      | Found a runed translucent gate.
  5882 | D:6      | Found a runed translucent gate.
  5885 | D:6      | Noticed MrVivor's ghost (novice TrMo)
  6057 | D:6      | Noticed a hornet
  6080 | D:6      | Killed a hornet
  6259 | D:6      | Reached skill level 10 in Long Blades
  6267 | D:6      | Noticed Maggie
  6284 | D:6      | Killed Maggie
  6463 | D:6      | Reached XP level 9. HP: 75/75 MP: 8/8
  6473 | D:6      | Found an ancient bone altar of Kikubaaqudgha.
  6717 | D:6      | Found a shimmering altar of Xom.
  7297 | D:7      | Found Vubausk's Food Shop.
  7693 | D:7      | Got a jewelled trident
  7694 | D:7      | Identified the +5 trident of Insufficient Pleasure {freeze,
                  | Str+3} (You found it on level 7 of the Dungeon)
  7837 | D:7      | Reached skill level 11 in Long Blades
  8287 | D:8      | Found a sand-covered staircase.
  8299 | Ossuary  | Entered an ossuary
  8824 | D:8      | HP: 2/75 [electric eel/bolt of electricity (12)]
  9604 | D:8      | Found a large runed translucent door.
  9604 | D:8      | Found a large runed translucent door.
  9609 | D:8      | Found a large runed translucent door.
  9609 | D:8      | Found a large runed translucent door.
  9610 | D:8      | Noticed a skeletal warrior
  9769 | D:8      | Reached skill level 12 in Long Blades
 10530 | D:9      | Reached XP level 10. HP: 72/84 MP: 9/9
 10625 | D:9      | Found a basalt altar of Yredelemnul.
 10663 | D:9      | Found Nonoa's Jewellery Boutique.
 10697 | D:9      | Found Pezosoon's Antique Weapon Emporium.
 10967 | D:9      | Found a hide-covered altar of Uskayaw.
 10968 | D:9      | Found an iron altar of Okawaru.
 10969 | D:9      | Found a snail-covered altar of Cheibriados.
 10972 | D:9      | Became a worshipper of Warmaster Okawaru
 11195 | D:9      | Found Efoc Kou's Distillery.
 11218 | D:9      | Reached skill level 1 in Invocations
 11244 | D:9      | Reached * piety under Okawaru
 11514 | D:9      | Bought a potion of invisibility for 136 gold pieces
 11514 | D:9      | Bought 3 potions of might for 204 gold pieces
 11562 | D:9      | You fall into a shaft and drop 1 floor!
 11562 | D:10     | Entered Level 10 of the Dungeon
 11609 | D:10     | Reached skill level 13 in Long Blades
 11763 | D:9      | Found a basalt altar of Yredelemnul.
 11852 | D:9      | Reached ** piety under Okawaru
 12054 | D:9      | Found Neinlucw's Distillery.
 12060 | D:9      | Bought a potion of heal wounds for 65 gold pieces
 12060 | D:9      | Bought 2 potions of heal wounds for 130 gold pieces
 12060 | D:9      | Bought a potion of heal wounds for 65 gold pieces
 12310 | D:6      | Killed MrVivor's ghost
 12649 | D:8      | Killed a skeletal warrior
 12850 | D:8      | Reached XP level 11. HP: 51/90 MP: 12/12
 13152 | D:8      | Reached *** piety under Okawaru
 13198 | D:8      | Reached skill level 14 in Long Blades
 13227 | D:8      | Noticed a three-headed hydra
 13232 | D:8      | Killed a one-headed hydra
 13808 | D:10     | Noticed a two-headed ogre
 13820 | D:10     | Killed a two-headed ogre
 13820 | D:10     | Reached **** piety under Okawaru
 13820 | D:10     | Reached skill level 10 in Shields
 13847 | D:10     | Noticed Urug
 14219 | D:10     | Identified the +2 leather armour of Quashani {rPois}
 14277 | D:10     | Found a staircase to the Orcish Mines.
 14286 | D:10     | Reached skill level 10 in Armour
 14393 | D:10     | Found a runed translucent gate.
 14393 | D:10     | Found a runed translucent gate.
 14393 | D:10     | Found a runed translucent gate.
 14397 | D:10     | Noticed Asparus's ghost (novice GrIE)
 14397 | D:10     | Noticed a wolf spider
 14398 | D:10     | Noticed a two-headed ogre
 14406 | D:10     | You fall into a shaft and drop 1 floor!
 14419 | D:11     | Noticed a two-headed ogre
 14432 | D:11     | Killed a two-headed ogre
 14432 | D:11     | Reached ***** piety under Okawaru
 14590 | D:11     | Received a gift from Okawaru
 14590 | D:11     | Reached skill level 15 in Long Blades
 14590 | D:11     | Reached skill level 5 in Invocations
 14834 | D:10     | Noticed a white ugly thing
 14854 | D:10     | Killed a white ugly thing
 14872 | D:10     | Killed Urug
 15108 | D:10     | Killed an unseen horror
 15279 | D:10     | Reached XP level 12. HP: 103/103 MP: 15/15
 15917 | D:10     | Killed Asparus's ghost
 15917 | D:10     | Received a gift from Okawaru
 15917 | D:10     | Reached skill level 10 in Fighting
 15921 | D:10     | Killed a two-headed ogre
 15935 | D:10     | Got a pair of fading boots {god gift}
 15942 | D:10     | Identified the -5 pair of boots "Ubryujuo" {rN+ Int+2}
                  | (Okawaru gifted it to you on level 10 of the Dungeon)
 16226 | D:11     | Found a staircase to the Lair.
 16247 | D:11     | Reached skill level 16 in Long Blades
 16719 | D:11     | Found a runed translucent door.
 16719 | D:11     | Found a shimmering altar of Xom.
 16719 | D:11     | Noticed xzight's ghost (journeyman MiBe)
 17258 | D:11     | Killed xzight's ghost
 17426 | D:12     | Noticed a centaur warrior
 17431 | D:12     | Noticed an eight-headed hydra
 17455 | D:12     | Killed a four-headed hydra
 17463 | D:12     | Killed a centaur warrior
 17705 | Orc:1    | Entered Level 1 of the Orcish Mines
 17708 | Orc:1    | Noticed an ogre mage
 17917 | Orc:1    | Paralysed by an ogre mage for 5 turns
 17936 | D:10     | Killed an ogre mage
 18807 | Orc:1    | Reached XP level 13. HP: 93/122 MP: 17/17
 18948 | Orc:1    | Noticed an orc warlord
 19292 | D:10     | Killed an orc warlord
 19292 | D:10     | Received a gift from Okawaru
 19620 | Orc:1    | Noticed an orc warlord
 20125 | D:10     | Killed an orc warlord
 20337 | Orc:1    | Noticed an orc warlord
 20362 | D:10     | Killed an orc warlord
 21360 | Orc:1    | Got a scintillating amber ring
 21426 | Orc:1    | Identified the Compendium of Dislocated Earth
 21567 | Orc:1    | Identified the ring of Hayf {rF+ MR++ Str-3 Int+6} (You
                  | found it on level 1 of the Orcish Mines)
 21683 | D:9      | Bought an uncursed amulet of regeneration for 450 gold
                  | pieces
 21758 | Lair:1   | Entered Level 1 of the Lair of Beasts
 23334 | Lair:3   | Received a gift from Okawaru
 23484 | Lair:3   | Identified the Guide on the Voyage and the Mountains
 24066 | Lair:4   | Found a burning altar of Makhleb.
 24114 | Lair:4   | Reached XP level 14. HP: 108/133 MP: 19/19
 24126 | Lair:4   | Reached ****** piety under Okawaru
 24297 | Lair:4   | Slain by a tyrant leech

Illustrated notes

Levels and vault maps discovered:
D:1:      denvon_arrival_planthouse, layout_loops_corners,
          grunt_decor_one_mirror, minmay_three_crescents
D:2:      layout_loops_ring
D:3:      wad_woods_settlement, layout_basic,
          riverfiend_overflow_shadow_ancestor
D:4:      layout_loops_corners, temple_statues, first_ration
D:5:      layout_basic, grunt_temple_overflow_diamond, lemuel_crystal_altar,
          uniq_menkaure, uniq_pikel
D:6:      layout_basic, kiku_gazebo_pond_becter, nicolae_overflow_hidden_temple,
          gammafunk_ghost_necromancy, uniq_maggie
D:7:      layout_gridville, serial_shops, shop
D:8:      layout_rooms, serial_bayou, serial_bayou_crossing,
          serial_bayou_pond_b, serial_bayou_lagoon_b, serial_bayou_pond_d,
          gup_ossuary_entry_pyramid, hangedman_ranch [blue_anna_fruit_fields],
          minmay_hollow_rounded_squares
D:9:      layout_stronghold, lemuel_mausoleum_altar_yredelemnul, minitemple,
          serial_shops, shop, nicolae_shop_statue_plus, shop, shop_fountains,
          basic_altar
D:10:     layout_long_grid, orc_0_dummy, gammafunk_ghost_split, uniq_urug
D:11:     layout_small_grid, minmay_lair_entry_grove, ebering_ghost_xom
D:12:     layout_basic, st_stairs_10, serial_bayou_ford_a, grunt_decor_clamped
Temple:   eino_temple_lava
Lair:1:   layout_roguey, serial_bayou_shore_b, grunt_megastairs_1
Lair:2:   layout_misc_corridors
Lair:3:   layout_hall_layers, minmay_lair_oklob_chamber
Lair:4:   minmay_lair_venomous_thicket, layout_loops_ring,
          minmay_swamp_entry_eels, spider_nest_entry_funnel_web, basic_altar,
          grunt_forest_stairs_basic, worms_lemuel, grunt_megastairs_4,
          serial_bayou_shore_b
Orc:1:    layout_caves, minmay_orc_treasury

Skill      XL: |  1  2  3  4  5  6  7  8  9 10 11 12 13 |
---------------+----------------------------------------+-----
Fighting       | 4 5 6 7 9 13 14 | 14.8
Long Blades    | 3 4 5 7 8 10 12 13 15 16 | 16.4
Armour         | 4 5 6 8 9 10 11 | 11.3
Shields        | 4 6 7 8 9 10 11 | 11.2
Invocations    | 3 5 7 9 |  9.2

Action                   |  1- 3 |  4- 6 |  7- 9 | 10-12 | 13-15 || total
-------------------------+-------+-------+-------+-------+-------++-------
Melee: Long sword        |   131 |   236 |   502 |  1027 |    76 ||  1972
       Headbutt          |    17 |    42 |    96 |   241 |   114 ||   510
       Hand axe          |       |       |       |     9 |       ||     9
       Double sword      |       |       |       |       |   412 ||   412
Invok: Heroism           |       |       |       |    11 |     3 ||    14
       Finesse           |       |       |       |       |     2 ||     2
  Use: Scroll            |       |    10 |     7 |     2 |     5 ||    24
       Potion            |       |       |     3 |    10 |       ||    13
  Eat: Chunk             |     2 |     7 |     7 |    21 |    15 ||    52
       Ration            |       |     1 |     4 |     2 |     1 ||     8
Armor: Scale mail        |    55 |    50 |       |       |       ||   105
       Chain mail        |       |    26 |   163 |    48 |       ||   237
       Skin              |       |       |    27 |       |       ||    27
       Plate armour      |       |       |       |   256 |   183 ||   439
       Acid dragon scale |       |       |       |       |     1 ||     1
Dodge: Dodged            |    36 |    50 |   106 |   217 |   112 ||   521
Block: Kite shield       |    54 |   105 |   282 |   491 |   287 ||  1219
       Rpst.: Long sword |    12 |    10 |    25 |    34 |     3 ||    84
       Double sword      |       |       |       |       |    28 ||    28
